 Dungeon Crawl Stone Soup version 0.31.0-32-g396128a36d (webtiles) character file.

Game seed: 384987224350811919

2497 Abcedarian the Shooter (level 9, -3/71 HPs)
             Began as a Pale Draconian Hunter on Mar 26, 2024.
             Was a Believer of Nemelex Xobeh.
             Slain by Erica
             ... wielding a +1 scimitar of flaming
              (10 damage)
             ... on level 8 of the Dungeon.
             The game lasted 00:30:41 (7352 turns).

Abcedarian the Shooter (Pale Draconian Hunter)      Turns: 7352, Time: 00:30:42

Health: -3/71      AC:  7    Str: 20    XL:     9   Next: 28%
Magic:  12/12      EV: 10    Int: 14    God:    Nemelex Xobeh [**....]
Gold:   281        SH:  0    Dex: 17    Spells: 2/13 levels left

rFire   . . .        b - +0 arbalest
rCold   . . .        (shield currently unavailable)
rNeg    . . .        (body armour unavailable)
rPois   +            (helmet restricted)
rElec   .            B - scarf of the Swan {repulsion, Harm rPois Will+++ Dex-3}
rCorr   .            (no gloves)
SInv    .            (no boots)
Will    +++..        e - amulet of the acrobat
Stlth   ++           k - +6 ring of strength
HPRegen 0.31/turn    m - +6 ring of dexterity
MPRegen 0.13/turn

%: harm (+30% outgoing, +20% incoming), repel missiles, acrobat
@: short of breath, constricted
A: breathe steam, AC +7, unfitting armour, cold-blooded, steam resistance
a: Breathe Steam, Renounce Religion, Draw Escape, Draw Destruction, Draw
Summoning


You were on level 8 of the Dungeon.
You worshipped Nemelex Xobeh.
Nemelex Xobeh was pleased with you.
You visited 1 branch of the dungeon, and saw 8 of its levels.

You collected 457 gold pieces.
You spent 176 gold pieces at shops.

Inventory:

Hand Weapons
 b - a +0 arbalest (weapon)
 v - the +12 hand axe of Qyoveck Fato {drain, Str+2 Dex+2}
   (You found it on level 5 of the Dungeon)

   Str+2:     It affects your strength (+2).
   Dex+2:     It affects your dexterity (+2).
Missiles
 i - 2 throwing nets
 q - 4 javelins
Armour
 B - the scarf of the Swan (worn) {repulsion, Harm rPois Will+++ Dex-3}
   (You acquired it on level 7 of the Dungeon)

   Dex-3:     It affects your dexterity (-3).
   rPois:     It protects you from poison Will+++: It greatly increases your
   willpower.
   Harm:      It increases damage dealt and taken.
Jewellery
 e - an amulet of the acrobat (around neck)
 k - a +6 ring of strength (left hand)
 m - a +6 ring of dexterity (right hand)
 r - a ring of positive energy
 D - a ring of see invisible
Talismans
 h - a beast talisman
Wands
 a - a wand of paralysis (9)
 p - a wand of mindburst (14)
 w - a wand of flame (23)
 C - a wand of quicksilver (5)
Scrolls
 j - 2 scrolls of enchant armour
 l - 7 scrolls of teleportation
 n - 2 scrolls of vulnerability
 t - a scroll of immolation
 u - a scroll of silence
 y - a scroll of torment
Potions
 c - 2 potions of might
 d - a potion of invisibility
 f - 5 potions of lignification
 o - 2 potions of enlightenment
 s - 2 potions of haste
 x - a potion of magic {unknown}
 z - a potion of cancellation


   Skills:
 * Level 3.9 Fighting
 - Level 0.7 Short Blades
 * Level 1.7 Axes
 * Level 6.8 Ranged Weapons
 * Level 2.3 Throwing
 * Level 3.2 Dodging
 * Level 3.2 Stealth
 * Level 2.5 Spellcasting
 * Level 2.6 Conjurations
 * Level 2.5 Summonings
 * Level 2.5 Necromancy
 * Level 2.6 Translocations
 * Level 2.4 Alchemy
 * Level 2.0 Invocations
 * Level 3.0 Evocations
 * Level 2.2 Shapeshifting


You had 2 spell levels left.
You knew the following spells:

 Your Spells              Type           Power      Damage    Failure   Level
a - Summon Small Mammal   Summ           32%        N/A       8%          1
b - Sting                 Conj/Alch      32%        1d5       9%          1
c - Apportation           Tloc           18%        N/A       8%          1
d - Necrotise             Necr           32%        1d5       8%          1
e - Stone Arrow           Conj/Erth      10%        3d7       36%         3
f - Vhi's Electric Charg  Tloc/Air       10%        N/A       78%         4

Your spell library contained the following spells:

 Spells                   Type           Power      Damage    Failure   Level
 Martyr's Knell           Necr/Summ      8%         N/A       61%         4
 Arcjolt                  Conj/Air       2%         1d12      98%         5
 Metabolic Englaciation   Hex/Ice        0%         N/A       99%         5
 Plasma Beam              Fire/Air       0%         2x1d10    100%        6
 Summon Hydra             Summ           4%         N/A       100%        7
 Lehudib's Crystal Spear  Conj/Erth      2%         10d2      100%        8
 Animate Armour           Summ/Erth      Unusable   N/A       N/A         4

Dungeon Overview and Level Annotations

Branches:
Dungeon (8/15)             Temple (0/1) D:6
   Lair: D:8-11

Altars:
Nemelex Xobeh
Qazlal
Trog
Uskayaw
Zin
The Shining One

Shops:
D:6 *

Annotations:
D:8 Erica


Innate Abilities, Weirdness & Mutations

You can breathe blasts of scalding, opaque steam.
Your pale cyan-grey scales are hard. (AC +7)
You cannot fit into any form of body armour.
You are cold-blooded and may be slowed by cold attacks.
You are immune to the effects of steam.


Message History

A bolt of poison appears from out of thin air!
The bolt of poison hits Abcedarian's illusion.
The bolt of poison misses you.
Abcedarian's illusion shimmers and vanishes!
Aiming: Breathe Steam (1% risk of failure)
Press: ? - help, Shift-Dir - straight line You exhale a blast of scalding steam.
The ball of steam hits something.
You hear some strange, mumbled words.
A bolt of poison appears from out of thin air!
The bolt of poison hits you. You resist.
Unknown command.
Something hits you!
* * * LOW HITPOINT WARNING * * *
Something burns you.
* * * LOW HITPOINT WARNING * * *
Something grabs you.
You are constricted.
* * * LOW HITPOINT WARNING * * *
Unknown command.
Okay, then.
You feel much better. Something hits you!!
* * * LOW HITPOINT WARNING * * *
Something burns you.
* * * LOW HITPOINT WARNING * * *
You are constricted.
* * * LOW HITPOINT WARNING * * *
Unknown command.
Aiming: Quicksilver Bolt
Press: ? - help, Shift-Dir - straight line You hear some strange, mumbled words.
A bolt of poison appears from out of thin air!
The bolt of poison hits you!
You are lethally poisoned!
You resist.
* * * LOW HITPOINT WARNING * * *
You are constricted.
* * * LOW HITPOINT WARNING * * *
Unknown command.
You feel better. Something hits you!
You die...
Your body disappears without a glow.

#..# ..# ... #.#
#.....# #.# .....
###.###..... .
#.....# ....
#########...#.#
... ##....@{.#.#.#
#.#
##.#######.#.###.#
#........<#
##...)....##
#....).)...#
##........###
#.##.......#
#........#.....
#.......#..######


There were no monsters in sight!

Vanquished Creatures
  2 steam dragons
  A water moccasin (D:7)
  An orc warrior (D:6)
  An ice beast (D:6)
  A sky beast (D:7)
  An ogre (D:5)
  2 phantoms (D:6)
  A kobold brigand (D:7)
  2 bullfrogs
  2 scorpions
  4 wights (D:7)
  4 killer bees
  6 orc priests
  2 hounds
  2 sleepcaps
  4 iguanas
  6 orc wizards
  Robin (D:2)
  2 gnolls
  13 adders
  A shadow imp (D:6)
  4 white imps
  8 ufetubi
  The ghost of flammie80 the Trooper, a weakling FoMo (D:6)
  2 dart slugs
  3 ribbon worms
  19 orcs
  6 ball pythons
  6 endoplasms
  3 giant cockroaches
  17 goblins
  18 hobgoblins
  11 kobolds
  3 quokkas (D:1)
  8 bats
  7 frilled lizards
  13 rats
188 creatures vanquished.

Vanquished Creatures (collateral kills)
  A ball python (D:3)
1 creature vanquished.

Grand Total: 189 creatures vanquished

Notes
Turn   | Place    | Note
-------+----------+-------------------------------------------
     0 | D:1      | Abcedarian the Draconian Hunter began the quest for the
                  | Orb.
     0 | D:1      | Reached XP level 1. HP: 17/17 MP: 1/1
    94 | D:1      | Reached skill level 4 in Ranged Weapons
    94 | D:1      | Reached XP level 2. HP: 12/24 MP: 2/2
   227 | D:1      | Reached skill level 1 in Stealth
   421 | D:1      | Reached XP level 3. HP: 27/29 MP: 3/3
   771 | D:2      | Reached XP level 4. HP: 29/37 MP: 4/4
   846 | D:2      | Noticed Robin
   880 | D:2      | Killed Robin
  1038 | D:2      | Learned a level 1 spell: Summon Small Mammal
  1040 | D:2      | Learned a level 1 spell: Sting
  1042 | D:2      | Learned a level 1 spell: Apportation
  1044 | D:2      | Learned a level 1 spell: Necrotise
  2196 | D:3      | Reached skill level 1 in Spellcasting
  2196 | D:3      | Reached XP level 5. HP: 40/42 MP: 0/6
  2281 | D:3      | Reached skill level 5 in Ranged Weapons
  2612 | D:4      | Found a sparkling altar of Nemelex Xobeh.
  2630 | D:4      | Became a worshipper of Nemelex Xobeh the Trickster
  2833 | D:4      | Reached XP level 6. HP: 39/50 MP: 3/7
  2867 | D:4      | Reached skill level 1 in Necromancy
  2912 | D:3      | Reached skill level 1 in Translocations
  3138 | D:3      | Reached skill level 1 in Summonings
  3282 | D:3      | Reached skill level 1 in Throwing
  3393 | D:4      | Reached skill level 1 in Conjurations
  3393 | D:4      | Reached skill level 1 in Alchemy
  3393 | D:4      | Reached skill level 1 in Evocations
  3393 | D:4      | Your scales start taking on a pale cyan-grey colour.
  3393 | D:4      | Reached XP level 7. HP: 57/57 MP: 9/9
  3393 | D:4      | Gained mutation: You are immune to the effects of steam.
                  | [Pale Draconian growth]
  3490 | D:4      | Reached skill level 1 in Shapeshifting
  4262 | D:5      | Entered Level 5 of the Dungeon
  4357 | D:5      | Reached skill level 6 in Ranged Weapons
  4513 | D:5      | Reached XP level 8. HP: 45/63 MP: 8/11
  4575 | D:5      | Reached * piety under Nemelex Xobeh
  4600 | D:5      | Reached skill level 1 in Invocations
  4869 | D:5      | Identified the +12 hand axe of Qyoveck Fato {drain, Str+2
                  | Dex+2}
  5002 | D:6      | Received a gift from Nemelex Xobeh
  5011 | D:6      | Found a runed translucent gate.
  5011 | D:6      | Found a runed translucent gate.
  5011 | D:6      | Noticed flammie80's ghost (weakling FoMo)
  5014 | D:6      | Found a runed translucent gate.
  5127 | D:6      | Found Ytumatops's General Store.
  5188 | D:6      | Bought a scroll of teleportation for 33 gold pieces
  5188 | D:6      | Bought a potion of lignification for 33 gold pieces
  5188 | D:6      | Bought a potion of haste for 110 gold pieces
  5384 | D:6      | Learned a level 3 spell: Stone Arrow
  5513 | D:6      | Found a staircase to the Ecumenical Temple.
  5582 | D:6      | Reached skill level 1 in Axes
  5795 | D:6      | Killed flammie80's ghost
  5984 | D:7      | Reached ** piety under Nemelex Xobeh
  6039 | D:7      | Reached XP level 9. HP: 57/71 MP: 12/12
  6044 | D:7      | Learned a level 4 spell: Vhi's Electric Charge
  6213 | D:7      | Received a gift from Nemelex Xobeh
  6251 | D:7      | Found a glowing golden altar of the Shining One.
  6514 | D:7      | Identified a scroll of acquirement
  6514 | D:7      | Acquired the scarf of the Swan {repulsion, Harm rPois
                  | Will+++ Dex-3}
  6680 | D:7      | Got the Compilation of Collective Snow
  6873 | D:7      | Found a hide-covered altar of Uskayaw.
  7094 | D:7      | Found a stormy altar of Qazlal.
  7097 | D:7      | Found a bloodstained altar of Trog.
  7097 | D:7      | Found a glowing silver altar of Zin.
  7316 | D:8      | Noticed Erica
  7351 | D:8      | HP: 2/71 [something/bolt of poison (8)]
  7352 | D:8      | Slain by Erica

Illustrated notes

Levels and vault maps discovered:
D:1:      dpeg_arrival_rhombus, layout_rooms
D:2:      minmay_razor_zed, layout_basic, uniq_robin
D:3:      layout_loops_ring, st_stairs_13, chequers_avenue,
          amcnicky_mini_pool_small
D:4:      layout_cave_pools, nemelex_diamond_rough_becter
D:5:      layout_rooms, st_stairs_9
D:6:      layout_gridville, temple_green, serial_shops,
          nicolae_shop_window_shopping, gammafunk_ghost_split
D:7:      layout_layer_cave, nicolae_overflow_hallway_of_the_gods,
          glass_columns_a, grunt_decor_mini_mirrors
D:8:      layout_loops_cross, enter_bailey_3, serial_co_window_serial,
          co_window_corner_a, co_window_paths_a, co_window_of_opportunity_a,
          co_window_paths_a, co_window_corner_a, co_window_broadway_b,
          co_window_2corner, co_window_2corner, co_window_broadway_b,
          co_window_of_opportunity_b, co_window_unsneaky_path_c,
          co_window_4corner_a, glass_columns_b, uniq_grum, uniq_erica

Skill      XL: |  1  2  3  4  5  6  7  8  9 |
---------------+----------------------------+-----
Ranged Weapons | 4 5 6 |  6.8
Stealth        | 1 2 3 |  3.2
Dodging        | 2 3 |  3.2
Spellcasting   | 1 2 |  2.5
Necromancy     | 1 2 |  2.5
Translocations | 1 2 |  2.6
Fighting       | 3 |  3.9
Summonings     | 1 2 |  2.5
Throwing       | 1 2 |  2.3
Conjurations   | 1 2 |  2.6
Alchemy        | 1 2 |  2.4
Evocations     | 1 2 3 |  3.0
Shapeshifting  | 1 2 |  2.2
Invocations    | 1 2 |  2.0
Axes           | 1 |  1.7
Short Blades   | |  0.7

Action                     |  1- 3 |  4- 6 |  7- 9 || total
---------------------------+-------+-------+-------++-------
  Melee: Dagger            |       |       |    10 ||    10
         Hand axe          |       |       |    31 ||    31
         Tailslap          |       |       |     4 ||     4
         Punch             |       |       |     1 ||     1
   Fire: Shortbow          |   126 |   211 |    31 ||   368
         Arbalest          |       |       |    49 ||    49
   Cast: Sting             |       |    31 |    11 ||    42
         Necrotise         |       |    18 |     9 ||    27
 Invoke: Draw Destruction  |       |       |     2 ||     2
         Draw Summoning    |       |       |     1 ||     1
Ability: Breathe Steam     |       |       |    29 ||    29
  Evoke: Wand              |       |     4 |    10 ||    14
    Use: Scroll            |     2 |     9 |     7 ||    18
         Potion            |       |     3 |     3 ||     6
   Stab: Paralysed         |       |       |     4 ||     4
 Armour: Skin              |    62 |   144 |    59 ||   265
  Dodge: Dodged            |    81 |   209 |    91 ||   381
